 Dungeon Crawl Stone Soup version 0.28.0-1-gb440e238dd (webtiles) character file.

Game seed: 6691867365236706343

60 issech the Cudgeller (level 3, 0/36 HPs)
             Began as a Troll Monk on Feb 24, 2022.
             Slain by an iguana (9 damage)
             ... on level 4 of the Dungeon.
             The game lasted 00:06:39 (1872 turns).

issech the Cudgeller (Troll Monk)                   Turns: 1872, Time: 00:06:40

Health: 0/36       AC:  5    Str: 19    XL:     3   Next: 82%
Magic:  2/2        EV: 10    Int:  6    God:
Gold:   109        SH:  0    Dex: 14    Spells: 2/2 levels left

rFire   . . .      SeeInvis .   a - +0 mace
rCold   . . .      Faith    .   (no shield)
rNeg    . . .      Spirit   .   b - +0 robe
rPois   .          Reflect  .   (helmet restricted)
rElec   .          Harm     .   u - +0 cloak
rCorr   .          Rampage  .   (gloves unavailable)
Will    .....                   (boots unavailable)
Stlth   ++........              (no amulet)
HPRegen 0.92/turn               (no ring)
MPRegen 0.08/turn               (no ring)

@: no status effects
A: large, unfitting armour, claws 3, regeneration 1, shaggy fur 1, tough skin 1
a: no special abilities


You were on level 4 of the Dungeon.
You visited 1 branch of the dungeon, and saw 4 of its levels.

You collected 109 gold pieces.

Inventory:

Hand Weapons
 a - a +0 mace (weapon)
 d - a +1 spear of flaming
 g - a +0 hand crossbow
Missiles
 h - 15 arrows
 m - 81 stones (quivered)
 n - 4 poisoned darts
 r - 6 atropa-tipped darts
 t - 6 javelins
Armour
 b - a +0 robe (worn)
 u - a +0 cloak (worn)
Jewellery
 k - a ring of ice
Scrolls
 c - a scroll of amnesia
 e - a scroll of teleportation
 j - a scroll of immolation
 o - a scroll of blinking
 p - a scroll of vulnerability
 q - 2 scrolls of enchant weapon {unknown}
Potions
 f - a potion of degeneration {unknown}
 i - 2 potions of attraction {unknown}
 l - a potion of cancellation {unknown}
 s - a potion of curing {unknown}


   Skills:
 + Level 2.8 Fighting
 + Level 3.3 Maces & Flails
 + Level 3.0 Dodging
 + Level 1.2 Stealth


You had 2 spell levels left.
You didn't know any spells.
Your spell library contained the following spells:

 Spells                   Type           Power      Damage    Failure   Level
 Frozen Ramparts          Ice            0%         1d2       83%         3
 Gell's Gravitas          Tloc           0%         N/A       83%         3
 Lesser Beckoning         Tloc           0%         N/A       83%         3
 Teleport Other           Tloc           0%         N/A       83%         3
 Ice Form                 Ice/Tmut       0%         N/A       99%         4
 Summon Ice Beast         Ice/Summ       0%         N/A       99%         4


Dungeon Overview and Level Annotations

Branches:
Dungeon (4/15)
 Temple: D:4-7

Altars:
Makhleb
Ru
Wu Jian

Shops:
D:3 [!

Annotations:
D:2 1 runed translucent door, Crazy Yiuf


Innate Abilities, Weirdness & Mutations

You are too large for most types of armour.
You have claws for hands.
Your natural rate of healing is unusually fast.
You are covered in fur. (AC +1)
You have tough skin. (AC +1)


Message History

The adder skeleton is heavily damaged.
The adder skeleton bites you but does no damage. x2
You completely miss the adder skeleton.
The adder skeleton is heavily damaged.
The adder skeleton bites you.
You hit the adder skeleton.
The adder skeleton is severely damaged.
The adder skeleton misses you.
You hit the adder skeleton.
You destroy the adder skeleton!
The hobgoblin barely misses you.
You hit the hobgoblin.
You kill the hobgoblin!
You see here a +0 cloak.
u - a +0 cloak You start putting on your armour.
You continue putting on your +0 cloak. x4
You finish putting on your +0 cloak.
An iguana comes into view.
You barely miss the iguana. The iguana closely misses you.
You barely miss the iguana. The iguana bites you!
You hit the iguana but do no damage. The iguana bites you.
The iguana bites you!
You closely miss the iguana.
The iguana bites you but does no damage.
You hit the iguana.
The iguana is lightly wounded.
The iguana closely misses you.
You closely miss the iguana.
The iguana is lightly wounded.
The iguana bites you!
You hit the iguana but do no damage.
The iguana is lightly wounded.
The iguana barely misses you. The iguana bites you!
* * * LOW HITPOINT WARNING * * *
You hit the iguana but do no damage.
The iguana is lightly wounded.
The iguana bites you but does no damage.
There is a stone staircase leading up here.
The iguana bites you!
You die...

...# .... #. ...
#. ##.. #.# #..#
###.. ##..# #
#....###..# ..#
........l@###...#
###..........##
##............
.###
####..######..#..
.....##.....# .#
............## #
.............#
.......$.###.....
##.....### #....


You could see an iguana.

Vanquished Creatures
  An adder skeleton (D:4)
  A worm (D:2)
  3 dart slugs (D:1)
  9 bats
  6 endoplasms
  3 giant cockroaches
  A goblin (D:2)
  5 hobgoblins
  A quokka (D:1)
  5 ball pythons
  4 frilled lizards
  3 kobolds
  5 rats
47 creatures vanquished.

Vanquished Creatures (others)
  A plant (D:3)
1 creature vanquished.

Grand Total: 48 creatures vanquished

Notes
Turn   | Place    | Note
-------+----------+-------------------------------------------
     0 | D:1      | issech the Troll Monk began the quest for the Orb.
     0 | D:1      | Reached XP level 1. HP: 22/22 MP: 0/0
    99 | D:1      | Reached XP level 2. HP: 29/29 MP: 1/1
   112 | D:1      | Found a faded altar of an unknown god.
   630 | D:1      | Reached XP level 3. HP: 32/36 MP: 2/2
  1085 | D:2      | Found a runed translucent door.
  1086 | D:2      | Noticed Crazy Yiuf
  1316 | D:3      | Found Xehaf's Distillery.
  1407 | D:3      | Found a sacrificial altar of Ru.
  1433 | D:3      | Found Titteck's Armour Boutique.
  1748 | D:3      | Found an ornate altar of the Wu Jian Council.
  1748 | D:3      | Found a burning altar of Makhleb.
  1863 | D:4      | HP: 1/36 [iguana (12)]
  1872 | D:4      | Slain by an iguana

Illustrated notes

Levels and vault maps discovered:
D:1:      dpeg_arrival_arbitrary_c, layout_loops_ring,
          nicolae_ecumenical_snake_handling
D:2:      minmay_alternating_diamond, layout_rooms, minmay_tripent,
          uniq_crazy_yiuf_cottage
D:3:      layout_basic, nicolae_ru_sacrificial_ziggurat,
          gammafunk_temple_overflow_wave, serial_shops, shop, shop
D:4:      layout_layer_cave, minmay_temple_entry_antechambers,
          nicolae_specific_store

Skill      XL: |  1  2  3 |
---------------+----------+-----
Maces & Flails | 3 |  3.3
Dodging        | 3 |  3.0
Fighting       | |  2.8
Stealth        | |  1.2

Action                   || total
-------------------------++-------
Melee: Mace              ||   150
       Punch             ||     1
  Use: Scroll            ||     5
 Stab: Sleeping          ||     7
Armor: Robe              ||    71
Dodge: Dodged            ||   108
